 Dungeon Sprint DCSS version 0.31-a0-844-gdc52ec4e09 (webtiles) character file.

Game seed: 16659833156382566032

200 sircluck the Ruffian (level 5, -11/88 HPs)
             Began as a Troll Berserker on Sept 28, 2023.
             Was a Priest of Trog.
             Mangled by an orc warrior
             ... wielding a +0 glaive
              (13 damage)
             ... in the Dungeon (Sprint VII: "The Pits").
             The game lasted 00:00:46 (100 turns).

sircluck the Ruffian (Troll Berserker)               Turns: 100, Time: 00:00:46

Health: -11/88     AC:  4    Str: 27    XL:     5   Next: 49%
Magic:  4/4        EV: 11    Int:  3    God:    Trog [***...]
Gold:   0          SH:  0    Dex:  9    Spells: 4/4 levels left

rFire   . .          .
                       - Unarmed
rCold   . . .        (no shield)
rNeg    . . .        a - +0 animal skin
rPois   .            (helmet restricted)
rElec   .            (no cloak)
rCorr   .            (gloves unavailable)
SInv    .            (boots unavailable)
Will    .....        (no amulet) Stlth
                     (no ring)
HPRegen 1.14/turn    (no ring)
MPRegen 0.09/turn

%: no teleportation
@: berserking (expiring), very quick
A: large, unfitting armour, claws 3, regeneration 1, shaggy fur 1, tough skin 1
a: Renounce Religion, Berserk, Trog's Hand


You were in the Dungeon.
You worshipped Trog.
Trog was most pleased with you.
You visited 1 branch

Inventory:

Armour
 a - a +0 animal skin (worn)
Scrolls
 g - a scroll of blinking
 i - 2 scrolls of vulnerability
 j - a scroll of summoning
Potions
 b - a potion of curing
 d - a potion of haste
 e - 4 potions of magic
 f - 3 potions of berserk rage
 h - 2 potions of invisibility


   Skills:
 + Level 6.1 Fighting
 + Level 6.0 Dodging
 + Level 7.2 Unarmed Combat


You had 4 spell levels left.
You didn't know any spells.
Your spell library was empty.

Dungeon Overview and Level Annotations

Branches:
Dungeon (1/1)

Altars:
Ashenzari
Cheibriados
Dithmenos
Elyvilon
Fedhas
Gozag
Hepliaklqana
Kikubaaqudgha
Makhleb
Nemelex Xobeh
Okawaru
Qazlal
Ru
Sif Muna
Trog
Uskayaw
Vehumet
Wu Jian
Xom
Yredelemnul
Zin
The Shining One
Jiyva
Lugonu


Innate Abilities, Weirdness & Mutations

You are too large for most types of armour.
You have claws for hands.
Your natural rate of healing is unusually fast.
You are covered in fur. (AC +1)
You have tough skin. (AC +1)


Message History

Something hits you. The orc closely misses you.
The orc warrior hits you with a +0 glaive!
There is an open door, spattered with blood here.
Things that are here:
a +0 whip; a scorpion corpse You miss something.
You barely miss something. Something hits you but does no damage.
The orc barely misses you.
The orc warrior hits you with a +0 glaive.
You miss something. The orc warrior barely misses you.
The orc barely misses you. Something hits you but does no damage.
You closely miss something. You mangle something!! Trog accepts your kill.
Trog appreciates your killing of a magic user.
Reactivating autopickup.
You feel a bit more experienced. The orc hits you with a +0 whip.
* * * LOW HITPOINT WARNING * * *
The orc warrior hits you with a +0 glaive!
* * * LOW HITPOINT WARNING * * *
Your Fighting skill increases to level 6!
Your Dodging skill increases to level 6!
Your Unarmed Combat skill increases to level 7!
You barely miss the orc priest.
The orc priest is moderately wounded.
Welcome back, sircluck the Troll Berserker. [Dungeon Sprint] Trog says: Kill them all!
Press ? for a list of commands and other information.
You closely miss the orc warrior. The orc hits you with a +0 whip.
* * * LOW HITPOINT WARNING * * *
The orc priest hits you with a +0 club.
* * * LOW HITPOINT WARNING * * *
The orc warrior closely misses you.
You mangle the orc priest!!
You kill the orc priest!
Trog accepts your kill. The orc hits you with a +0 whip.
* * * LOW HITPOINT WARNING * * *
The orc warrior hits you with a +0 glaive!
You die...

##########.##..........
#...........'..........
+#####'#####......#..#
#...).# #..........
#.....# ####'#####+
###'### #.......#
#.....# #.......#
#.....# #.......#
####@## #...<...#
#..oZo...##.......#
#........##.......#
###########.......#
#########


You could see an orc warrior, an orc and an adder skeleton.

Vanquished Creatures
  A floating eye (D)
  A scorpion (D)
  An orc priest (D)
  An orc wizard (D)
  A gnoll (D)
  An adder skeleton (D)
  An orc (D)
  A giant cockroach (D)
  A bat (D)
9 creatures vanquished.

Notes
Turn   | Place    | Note
-------+----------+-------------------------------------------
     0 | D        | sircluck the Troll Berserker began the quest for the Orb.
     0 | D        | Reached XP level 1. HP: 22/22 MP: 0/0
    21 | D        | Found a bloodstained altar of Trog.
    21 | D        | Found a shimmering blue altar of Sif Muna.
    21 | D        | Found a viscous altar of Jiyva.
    21 | D        | Found a hazy altar of Hepliaklqana.
    21 | D        | Found an opulent altar of Gozag.
    22 | D        | Found a glowing golden altar of the Shining One.
    22 | D        | Found a glowing silver altar of Zin.
    22 | D        | Found a basalt altar of Yredelemnul.
    22 | D        | Found a shimmering altar of Xom.
    22 | D        | Found an ornate altar of the Wu Jian Council.
    22 | D        | Found a sacrificial altar of Ru.
    22 | D        | Found a stormy altar of Qazlal.
    22 | D        | Found an iron altar of Okawaru.
    22 | D        | Found a sparkling altar of Nemelex Xobeh.
    22 | D        | Found a burning altar of Makhleb.
    22 | D        | Found a blossoming altar of Fedhas.
    22 | D        | Found a white marble altar of Elyvilon.
    22 | D        | Found a shadowy altar of Dithmenos.
    22 | D        | Found a snail-covered altar of Cheibriados.
    25 | D        | Found a corrupted altar of Lugonu.
    25 | D        | Found a radiant altar of Vehumet.
    26 | D        | Found an ancient bone altar of Kikubaaqudgha.
    26 | D        | Found a hide-covered altar of Uskayaw.
    26 | D        | Found a broken altar of Ashenzari.
    68 | D        | Reached ** piety under Trog
    73 | D        | Noticed a floating eye
    76 | D        | Killed a floating eye
    77 | D        | Reached skill level 5 in Fighting
    77 | D        | Reached skill level 5 in Unarmed Combat
    77 | D        | Reached XP level 2. HP: 35/35 MP: 1/1
    77 | D        | Reached XP level 3. HP: 42/42 MP: 2/2
    77 | D        | Reached XP level 4. HP: 50/50 MP: 3/3
    79 | D        | Noticed a scorpion
    80 | D        | Noticed an orc warrior
    90 | D        | Reached skill level 5 in Dodging
    90 | D        | Reached skill level 6 in Unarmed Combat
    91 | D        | Killed a scorpion
    91 | D        | Reached *** piety under Trog
    92 | D        | Reached XP level 5. HP: 38/59 MP: 4/4
    98 | D        | Reached skill level 7 in Unarmed Combat
    99 | D        | HP: 4/88 [orc priest/+0 club (5)]
   100 | D        | Mangled by an orc warrior

Illustrated notes

Levels and vault maps discovered:
D:        pitsprint [storerooms_1, entrance_room_1, metal_vault_1, armoury_2,
          mini_pit_1, grid_room_1, main_hall_1, silver_pit, the_coven_1,
          the_vestibule_1, steel_vault_2, golden_pit, hallway_of_sentries,
          crystal_vault_2, iron_vault_4, final_vault]

Skill      XL: |  1  2  3  4  5 |
---------------+----------------+-----
Fighting       | 5 6 |  6.1
Dodging        | 4 5 6 |  6.0
Unarmed Combat | 5 6 7 |  7.2

Action                     |  1- 3 |  4- 6 || total
---------------------------+-------+-------++-------
  Melee: Unarmed           |    10 |    16 ||    26
 Invoke: Berserk           |       |     1 ||     1
    Use: Potion            |       |     1 ||     1
 Armour: Animal skin       |     4 |    24 ||    28
  Dodge: Dodged            |     5 |    12 ||    17

Table legend: (Time is in decaauts)
 A = Elapsed time spent in this place.
 B = Non-inter-level travel time spent in this place.
 C = Inter-level travel time spent in this place.
 D = Time resting spent in this place.
 E = Time spent auto-exploring this place.
 F = Levels seen in this place.
 G = Mean time per level.
                   A        B        C        D        E       F      G
               +--------+--------+--------+--------+--------+-----+--------+
         Total |     94 |     94 |      0 |      0 |     29 |   1 |   94.0 |
       Dungeon |     94 |     94 |      0 |      0 |     29 |   1 |   94.0 |
               +--------+--------+--------+--------+--------+-----+--------+

Top non-repeatable levels by time:
       D: 94 daAuts
